 Dungeon Crawl Stone Soup version 0.15-a0-1537-ge1f089e (webtiles) character file.

128 Crauler the Ruffian (level 4, 0/36 HPs)
             Began as a Draconian Transmuter on June 16, 2014.
             Slain by a gnoll
             ... wielding a +0 flail
              (11 damage)
             ... on Level 3 of the Dungeon.
             The game lasted 00:06:33 (3158 turns).

Crauler the Ruffian (Draconian Transmuter)          Turns: 3158, Time: 00:06:33

HP   0/36        AC  2     Str 13      XL: 4   Next: 86%
MP   5/8         EV 20     Int 14      God:
Gold 108         SH  0     Dex 16      Spells:  2 memorised,  4 levels left

rFire  . . .     SeeInvis .     k - melded +4 whip
rCold  . . .     Clarity  .     (armour unavailable)
rNeg   . . .     rCorr    .     s - melded +0 buckler
rPois  x         rRot     .     (helmet currently unavailable)
rElec  .         Spirit   .     (cloak currently unavailable)
SustAb .         Warding  .     (gloves currently unavailable)
rMut   .         Stasis   .     (boots currently unavailable)
Gourm  .                        h - amulet of rage
MR     .....                    q - ring of stealth
                                n - ring of teleport control

@: spider-form (expiring), not resistant to hostile enchantments, unstealthy
A: unfitting armour, (cold-blooded), AC +5
a: End Transformation, Evoke Berserk Rage, Evoke Teleport Control


You were on level 3 of the Dungeon.
You were not hungry.
You were in spider-form.
You visited 1 branch of the dungeon, and saw 3 of its levels.

You collected 108 gold pieces.

Inventory:

Hand weapons
 k - a +4 whip (melded)
Missiles
 b - 12 arrows
 m - 6 javelins (quivered)
Armour
 s - a +0 buckler (melded)
Comestibles
 a - 4 bread rations
 f - 2 fruits
 j - 2 meat rations
Scrolls
 e - 4 scrolls of teleportation
 o - a scroll of identify
 r - a scroll of amnesia {unknown}
Jewellery
 h - an amulet of rage (around neck)
 n - a ring of teleport control (left front leg)
 q - a ring of stealth (right front leg)
Potions
 c - 4 potions of curing
 g - a potion of restore abilities
 i - a potion of paralysis {unknown}
 l - a potion of cure mutation
 p - a potion of confusion {unknown}
 t - a potion of mutation {unknown}
Books
 d - a book of Changes

   Spells                             Type                      Level
   *Beastly Appendage                 Transmutation                1
   Sticks to Snakes                   Transmutation                2
   *Spider Form                       Transmutation/Poison         3
   Ice Form                           Ice/Transmutation            4
   Blade Hands                        Transmutation                5


   Skills:
 + Level 2.2 Fighting
 * Level 2.5 Dodging
 * Level 3.9 Unarmed Combat
 + Level 2.5 Spellcasting
 * Level 2.8 Transmutations


You had 4 spell levels left.
You knew the following spells:

 Your Spells              Type           Power        Failure   Level  Hunger
a - Beastly Appendage     Trmt           #.....       24%         1    #......
b - Spider Form           Trmt/Pois      #.........   61%         3    ####...


Dungeon Overview and Level Annotations

Branches:
Dungeon (3/15)

Altars:
Elyvilon
Yredelemnul


Innate Abilities, Weirdness & Mutations

((Your plain brown scales are hard (AC +5).))*
Your body does not fit into most forms of armour.
((Your cold-blooded metabolism reacts poorly to cold.))*


Message History

You turn into a venomous arachnid creature.
Your +4 whip melds into your body.
Your +0 buckler melds into your body.
Your transformation is almost over.
The bat hits you but does no damage. x2
You closely miss the bat. The bat completely misses you.
You hit the bat.
The bat is poisoned.
The bat is moderately wounded.
The bat barely misses you.
You hit the bat.
The bat looks even sicker.
The bat is moderately wounded.
The bat closely misses you. x2
You hit the bat.
The bat is heavily wounded.
The bat completely misses you.
You hit the bat.
You kill the bat!
You barely miss the gnoll.
The gnoll is heavily wounded.
The gnoll hits you with a flail!
You die...

.............#.................(.
.....##......b..................#
.....#.....#..#.#####...#######..
######.#...#..#.# #...# #.#
#.#........## #.#.# #.#
#.#.......).# #...# #.#
######.#.#.##.##.# #...# ##.#
.....#.....##.##g# #...# #...
.....###......##s# ##...######...
...#.# #.#.#####.# #....##.......
.#.#%###.#.#####.###....##.###.#.
.#.......#.................###.#.
.....#######.#####.............#.
.....# #.#.............##....
###### #.#..........##.##.##.
#.#..........##...<...
#.##.#..#....#####.###


You could see a gnoll.

Vanquished Creatures
  5 adders
  A gnoll (D:3)
  A worm (D:2)
  3 giant geckos
  An ooze (D:1)
  5 orcs (D:3)
  14 bats
  3 giant cockroaches
  5 hobgoblins
  2 jackals (D:1)
  9 kobolds
  6 goblins
  A quokka (D:2)
  8 rats
64 creatures vanquished.

Notes
Turn   | Place    | Note
--------------------------------------------------------------
     0 | D:1      | Crauler, the Draconian Transmuter, began the quest for the Orb.
     0 | D:1      | Reached XP level 1. HP: 16/16 MP: 3/3
   380 | D:1      | Reached XP level 2. HP: 23/23 MP: 4/4
  1178 | D:1      | Reached XP level 3. HP: 28/28 MP: 6/6
  1742 | D:2      | Found a basalt altar of Yredelemnul.
  1952 | D:2      | Found a white marble altar of Elyvilon.
  2126 | D:2      | Reached XP level 4. HP: 13/36 MP: 8/8
  2779 | D:3      | Learned a level 3 spell: Spider Form
  3158 | D:3      | Slain by a gnoll

Action                   |  1- 3 |  4- 6 || total
-------------------------+-------+-------++-------
Melee: Unarmed           |   125 |     6 ||   131
       Whip              |    60 |    61 ||   121
 Cast: Spider Form       |       |     1 ||     1
  Use: Scroll            |     4 |     1 ||     5
       Potion            |     1 |     3 ||     4
 Stab: Sleeping          |       |     1 ||     1
